 Dungeon Crawl Stone Soup version 0.31-a0-121-g1e386dd289 (webtiles) character file.

Game seed: 11604295885804921958

4 Essalna the Digger (level 1, -4/14 HPs)
             Began as a Demonspawn Earth Elementalist on June 1, 2023.
             Slain by a cerulean imp
             ... wielding a +2 spear
             ... summoned by Natasha
              (6 damage)
             ... on level 2 of the Dungeon.
             The game lasted 00:00:47 (287 turns).

Essalna the Digger (Demonspawn Earth Elementalist)   Turns: 287, Time: 00:00:48

Health: -4/14      AC:  2    Str:  8    XL:     1   Next: 58%
Magic:  0/3        EV: 12    Int: 16    God:
Gold:   44         SH:  0    Dex: 13    Spells: 3/4 levels left

rFire   . . .        (no weapon)
rCold   . . .        (no shield)
rNeg    . . .        a - +0 robe
rPois   .            (no helmet)
rElec   .            (no cloak)
rCorr   .            (no gloves)
SInv    .            (no boots)
Will    .....        (no amulet)
Stlth   ++           (no ring)
HPRegen 0.22/turn    (no ring)
MPRegen 0.08/turn

%: no passive effects
@: no status effects
A: no striking features
a: no special abilities


You were on level 2 of the Dungeon.
You visited 1 branch of the dungeon, and saw 2 of its levels.

You collected 44 gold pieces.

Inventory:

Armour
 a - a +0 robe (worn)
Scrolls
 d - 2 scrolls of identify {unknown}
Potions
 b - a potion of magic
 c - a potion of heal wounds {unknown}
 e - a potion of degeneration {unknown}


   Skills:
 + Level 0.7 Fighting
 - Level 1.7 Dodging
 - Level 1.7 Stealth
 - Level 2.0 Spellcasting
 - Level 0.8 Transmutations
 + Level 2.8 Earth Magic


You had 3 spell levels left.
You knew the following spells:

 Your Spells              Type           Power      Damage    Failure   Level
a - Sandblast             Erth           20%        2d7       6%          1

Your spell library contained the following spells:

 Spells                   Type           Power      Damage    Failure   Level
 Passwall                 Tmut/Erth      5%         N/A       14%         2
 Stone Arrow              Conj/Erth      12%        3d7       34%         3
 Petrify                  Tmut/Erth      7%         N/A       67%         4


Dungeon Overview and Level Annotations

Branches:
Dungeon (1/15)

Altars:

Shops:
D:2 :

Annotations:
D:2 Natasha


Message History

You can't see any susceptible monsters within range! (Use Z to cast anyway.)
A giant cockroach is nearby!
The blast of sand hits the giant cockroach!
You kill the giant cockroach!
You can't see any susceptible monsters within range! (Use Z to cast anyway.)
You can't see any susceptible monsters within range! (Use Z to cast anyway.) Magic restored.
You now have 44 gold pieces (gained 10).
You see here a quokka corpse.
Found Ynyan's Book Shoppe.
Found a stone staircase leading down.
There is an entrance to Ynyan's Book Shoppe here.
Unknown command.
d - 2 scrolls labelled KOQOTS EPRAIN (gained 1)
e - a golden potion Natasha, Servant of Life and Death comes into view.
She is carrying a wand of roots (8).
Natasha is nearby!
You can't see any susceptible monsters within range! (Use Z to cast anyway.) Natasha hisses angrily.
The blast of sand hits Natasha.
Natasha is heavily wounded.
Natasha mumbles some strange words.
The blast of sand hits the cerulean imp.
The cerulean imp is heavily wounded.
The cerulean imp hits you from afar with a +2 spear!
Ouch! That really hurt!
You are too injured to fight recklessly!
Casting: Sandblast (safe; 6% risk of failure)
Confirm with . or Enter, or press ? or * to list all spells.
Aiming: Sandblast (safe; 6% risk of failure)
Press: ? - help, Shift-Dir - straight line, f - Natasha, p - cerulean imp
Aim: Natasha, carrying a wand of roots (8) (heavily wounded, 77% to hit)
The blast of sand hits Natasha.
Natasha is almost dead.
The cerulean imp hits you from afar with a +2 spear.
Natasha casts a spell at you. The magic dart hits you.
* * * LOW HITPOINT WARNING * * *
The cerulean imp hits you from afar with a +2 spear.
You die...

##
.####################.##
.#..............@h5.....
......#.###...........##
.#.##.#.# #############
.#.##.#.# ......#.#
##.##...# #.##.###
#.##.# #.#


You could see Natasha and a cerulean imp (summoned).

Vanquished Creatures
  A giant cockroach (D:2)
  A quokka (D:2)
  2 frilled lizards (D:1)
  A rat (D:1)
5 creatures vanquished.

Notes
Turn   | Place    | Note
-------+----------+-------------------------------------------
     0 | D:1      | Essalna the Demonspawn Earth Elementalist began the quest
                  | for the Orb.
     0 | D:1      | Reached XP level 1. HP: 13/13 MP: 3/3
   170 | D:1      | You fall into a shaft and drop 1 floor!
   256 | D:2      | Found Ynyan's Book Shoppe.
   282 | D:2      | Noticed Natasha
   286 | D:2      | Noticed a cerulean imp
   287 | D:2      | Slain by a cerulean imp

Illustrated notes

Levels and vault maps discovered:
D:1:      evilmike_arrival_grusome_pit, layout_loops_cross, serial_shops,
          nicolae_lakefront_shop
D:2:      layout_loops_ring, serial_shops, shop, uniq_natasha

Action                     || total
---------------------------++-------
   Cast: Sandblast         ||     8

Table legend: (Time is in decaauts)
 A = Elapsed time spent in this place.
 B = Non-inter-level travel time spent in this place.
 C = Inter-level travel time spent in this place.
 D = Time resting spent in this place.
 E = Time spent auto-exploring this place.
 F = Levels seen in this place.
 G = Mean time per level.
                   A        B        C        D        E       F      G
               +--------+--------+--------+--------+--------+-----+--------+
         Total |    290 |    290 |      0 |      0 |    250 |   2 |  145.0 |
       Dungeon |    290 |    290 |      0 |      0 |    250 |   2 |  145.0 |
               +--------+--------+--------+--------+--------+-----+--------+

Top non-repeatable levels by time:
     D:1: 171 daAuts
     D:2: 118 daAuts
